 Dungeon Crawl Stone Soup version 0.27-a0-1046-g98bf31544f (webtiles) character file.

Game seed: 15172369057368289643

188 Anon1729 the Grasshopper (level 5, -1/41 HPs)
             Began as a Palentonga Warper on Apr 19, 2021.
             Was an Initiate of Cheibriados.
             Killed from afar by an orc wizard (6 damage)
             ... with a magic dart
             ... in the Ecumenical Temple.
             The game lasted 00:03:51 (3649 turns).

Anon1729 the Grasshopper (Palentonga Warper)        Turns: 3649, Time: 00:03:52

Health: -1/41      AC:  4    Str: 17    XL:     5   Next: 39%
Magic:  6/8        EV:  9    Int: 14    God:    Cheibriados [......]
Gold:   137        SH:  0    Dex: 10    Spells: 7/9 levels left

rFire    . . .     SeeInvis +   a - +0 mace
rCold    . . .     Faith    .   (no shield)
rNeg     . . .     Spirit   .   b - +0 leather armour
rPois    .         Reflect  .   (no helmet)
rElec    .         Harm     .   (no cloak)
rCorr    .         Rampage  .   (no gloves)
Will     .....                  (no barding)
Stlth    +.........             (no amulet)
HPRegen  0.13/turn              (no ring)
MPRegen  0.11/turn              (no ring)

@: slow
A: large, rugged brown scales 3, see invisible, deformed body, roll 1, armoured
tail
a: Rolling Charge, Renounce Religion, Bend Time


You were in the Ecumenical Temple.
You worshipped Cheibriados.
Cheibriados was noncommittal.
You visited 2 branches of the dungeon, and saw 5 of its levels.

You collected 137 gold pieces.

Inventory:

Hand Weapons
 a - a +0 mace (weapon)
Missiles
 e - 5 boomerangs of dispersal
 f - a throwing net
Armour
 b - a +0 leather armour (worn)
Scrolls
 c - 2 scrolls of amnesia {unknown}
 d - a scroll of fear {unknown}
 h - 2 scrolls of identify {unknown}
 i - a scroll of silence {unknown}
 k - a scroll of enchant armour {unknown}
Potions
 g - a potion of heal wounds {unknown}
 j - a potion of degeneration {unknown}


   Skills:
 - Level 2.6 Fighting
 + Level 3.3 Maces & Flails
 - Level 1.5 Throwing
 - Level 1.4 Armour
 - Level 2.1 Dodging
 - Level 2.5 Spellcasting
 - Level 3.5 Translocations


You had 7 spell levels left.
You knew the following spells:

 Your Spells              Type           Power      Damage    Failure   Level
a - Blink                 Tloc           N/A        N/A       10%         2

Your spell library contained the following spells:

 Spells                   Type           Power      Damage    Failure   Level
 Gell's Gravitas          Tloc           5%         N/A       19%         3
 Lesser Beckoning         Tloc           5%         N/A       19%         3
 Teleport Other           Tloc           11%        N/A       19%         3
 Manifold Assault         Tloc           11%        N/A       86%         5


Dungeon Overview and Level Annotations

Branches:
Dungeon (4/15)             Temple (1/1) D:4

Altars:
Cheibriados
Elyvilon
Fedhas
Hepliaklqana
Kikubaaqudgha
Nemelex Xobeh
Okawaru
Qazlal
Ru
Sif Muna
Trog
Vehumet
Wu Jian
Xom
Yredelemnul
Zin
The Shining One

Shops:
D:1 =

Annotations:
D:3 Sigmund


Innate Abilities, Weirdness & Mutations

You are completely covered in rugged brown scales. (AC +3, +7% HP)
You have supernaturally acute eyesight. (SInv)
Armour fits poorly on your strangely shaped body.
You can roll at nearby foes to attack.
You have a long armoured tail.


Message History

The orc wizard points at you and mumbles some strange words.
The puff of flame hits you.
You closely miss the orc wizard.
The orc wizard is heavily wounded.
The orc wizard casts a spell at you. The magic dart hits you!
You are too injured to fight recklessly!
You are too injured to fight recklessly!
You are too injured to fight recklessly!
You are too injured to fight recklessly!
You are too injured to fight recklessly!
You are too injured to fight recklessly!
Okay, then.
Okay, then.
Casting: Blink (safe; 10% risk of failure)
Confirm with . or Enter, or press ? or * to list all spells.
You blink.
The orc wizard gestures at you while chanting.
The puff of flame hits you.
* * * LOW HITPOINT WARNING * * *
There's nothing you can charge at!
You are too injured to fight recklessly!
Roll where?
Press: ? - help, Dir - move target, f - orc wizard
Aim: an orc wizard, wielding a +0 dagger and wearing a +0 robe (heavily wounded)
You roll forward with a clatter of scales!
You closely miss the orc wizard.
The orc wizard is heavily wounded.
The orc wizard barely misses you.
The orc wizard hits you with a +0 dagger.
* * * LOW HITPOINT WARNING * * *
You sock the orc wizard!
The orc wizard is almost dead.
The orc wizard hits you with a +0 dagger.
* * * LOW HITPOINT WARNING * * *
You closely miss the orc wizard.
The orc wizard is almost dead.
The orc wizard gestures at you while chanting.
The magic dart hits you.
You die...

≈≈≈≈≈≈≈≈≈≈.≈≈.......≈≈≈.≈≈≈≈≈≈
≈≈≈≈≈≈≈≈≈.≈≈.≈≈≈≈≈≈≈≈#≈.≈≈≈≈≈≈
≈≈≈≈≈≈≈≈≈.≈≈.≈......≈≈≈.≈≈≈≈≈≈
≈≈≈≈≈≈≈≈≈≈..≈≈...≈≈≈...≈≈≈≈≈≈≈
≈≈≈≈≈≈≈≈≈≈≈≈≈..⌠..≈≈≈≈≈≈≈≈≈≈≈≈
≈≈≈≈≈≈≈≈...............≈≈≈≈≈≈≈
≈≈≈≈≈≈≈........)........≈≈≈≈≈≈
≈≈≈≈≈≈≈..⌠.....<.....⌠..≈≈≈≈≈≈
≈≈≈≈≈≈≈......@o.........≈≈≈≈≈≈
≈≈≈≈≈≈≈≈...°...........≈≈≈≈≈≈≈
≈≈≈≈≈≈≈≈≈≈≈≈≈.....≈≈≈≈≈≈≈≈≈≈≈≈
≈≈≈≈≈≈≈≈≈≈≈≈≈≈≈≈≈≈≈≈≈≈≈≈≈≈≈≈≈≈
≈≈≈≈≈≈≈≈≈≈≈≈≈≈≈≈≈≈≈≈≈≈≈≈≈≈≈≈≈≈
≈≈≈≈≈≈≈≈≈≈≈≈≈≈≈≈≈≈≈≈≈≈≈≈≈≈≈≈≈≈
≈≈≈≈≈≈≈≈≈≈≈≈≈≈≈≈≈≈≈≈≈≈≈≈≈≈≈≈≈≈
≈≈≈≈≈≈≈≈≈≈≈≈≈≈≈≈≈≈≈≈≈≈≈≈≈≈≈≈≈≈
≈≈≈≈≈≈≈≈≈≈≈≈≈≈≈≈≈≈≈≈≈≈≈≈≈≈≈≈≈


You could see an orc wizard.

Vanquished Creatures
  A necrophage (D:2)
  An iguana (D:4)
  3 adders
  3 dart slugs (D:1)
  A worm (D:4)
  2 orcs (Temple)
  7 ball pythons
  2 bats
  3 endoplasms
  A giant cockroach (D:1)
  A goblin (D:1)
  6 hobgoblins
  2 quokkas
  5 frilled lizards
  2 kobolds (D:2)
  5 rats
45 creatures vanquished.

Notes
Turn   | Place    | Note
-------+----------+-------------------------------------------
     0 | D:1      | Anon1729 the Palentonga Warper began the quest for the Orb.
     0 | D:1      | Reached XP level 1. HP: 17/17 MP: 3/3
   398 | D:1      | Reached XP level 2. HP: 23/23 MP: 5/5
   651 | D:1      | Found Lasesyoc's Jewellery Boutique.
   744 | D:1      | Reached skill level 1 in Throwing
   744 | D:1      | Reached skill level 1 in Armour
  1111 | D:2      | Reached XP level 3. HP: 9/28 MP: 6/6
  1679 | D:2      | Noticed a necrophage
  1685 | D:2      | Killed a necrophage
  1686 | D:2      | Reached XP level 4. HP: 27/36 MP: 7/7
  1872 | D:2      | Found a hazy altar of Hepliaklqana.
  2355 | D:3      | Reached XP level 5. HP: 22/41 MP: 8/8
  2610 | D:3      | Noticed Sigmund
  3077 | D:4      | Found a staircase to the Ecumenical Temple.
  3096 | Temple   | Entered the Ecumenical Temple
  3199 | Temple   | Became a worshipper of Cheibriados the Contemplative
  3601 | Temple   | Learned a level 2 spell: Blink
  3649 | Temple   | Killed from afar by an orc wizard

Illustrated notes

Levels and vault maps discovered:
D:1:      nzn_arrival_water_spiral, layout_basic, serial_shops, shop
D:2:      layout_basic, basic_altar, chequers_serial_rivers_micro_d
D:3:      minmay_roachtagon, layout_basic, uniq_sigmund
D:4:      layout_cave_pods, minmay_temple_entry_statues_fountains,
          nrook_mini_backslash, hangedman_minor_gate_pass
Temple:   minmay_temple_bridge_d

Skill      XL: |  1  2  3  4  5 |
---------------+----------------+-----
Throwing       | 1 |  1.5
Armour         | 1 |  1.4
Dodging        | 2 |  2.1
Maces & Flails | 3 |  3.3
Fighting       | |  2.6
Spellcasting   | |  2.5
Translocations | |  3.5

Action                   |  1- 3 |  4- 6 || total
-------------------------+-------+-------++-------
Melee: Mace              |    97 |    69 ||   166
       Tailslap          |    12 |     7 ||    19
 Cast: Blink             |       |     1 ||     1
 Abil: Rolling Charge    |    14 |     6 ||    20
  Use: Scroll            |       |     1 ||     1
Armor: Leather armour    |    24 |    18 ||    42
Dodge: Dodged            |    63 |    30 ||    93

Table legend: (Time is in decaauts)
 A = Elapsed time spent in this place.
 B = Non-inter-level travel time spent in this place.
 C = Inter-level travel time spent in this place.
 D = Time resting spent in this place.
 E = Time spent auto-exploring this place.
 F = Levels seen in this place.
 G = Mean time per level.
                   A        B        C        D        E       F      G
               +--------+--------+--------+--------+--------+-----+--------+
         Total |   3737 |   3656 |     81 |    690 |   2554 |   5 |  747.4 |
       Dungeon |   3175 |   3123 |     52 |    424 |   2333 |   4 |  793.8 |
        Temple |    562 |    533 |     29 |    266 |    221 |   1 |  562.0 |
               +--------+--------+--------+--------+--------+-----+--------+

Top non-repeatable levels by time:
     D:2: 1625 daAuts
     D:1: 941 daAuts
  Temple: 562 daAuts
     D:3: 397 daAuts
     D:4: 210 daAuts
